 Dungeon Crawl Stone Soup version 0.23.2 (webtiles) character file.

Game seed: 5762744483753611186

8163 teukkam the Slicer (level 11, 0/89 HPs)
             Began as a Minotaur Fighter on Apr 5, 2019.
             Was a Priest of Dithmenos.
             Slain by an unseen horror (6 damage)
             ... on level 11 of the Dungeon.
             The game lasted 00:45:47 (10247 turns).

teukkam the Slicer (Minotaur Fighter)              Turns: 10247, Time: 00:45:48

Health: 0/89       AC: 10    Str: 29    XL:     11   Next: 6%
Magic:  10/10      EV:  7    Int:  9    God:    Dithmenos [***...]
Gold:   683        SH: 17    Dex: 15    Spells: 10/10 levels left

rFire    . . .     SeeInvis .   a - +2 dagger (venom)
rCold    . . .     Gourm    .   n - +0 large shield
rNeg     . . .     Faith    .   E - +1 ring mail of Gagro {Int+4}
rPois    .         Spirit   .   G - +2 hat
rElec    .         Reflect  .   (no cloak)
rCorr    .         Harm     .   d - +0 pair of gloves
MR       .....                  (no boots)
Stlth    ++++++....             (no amulet)
HPRegen  0.24/turn              m - +5 ring of dexterity
MPRegen  0.12/turn              k - ring of stealth

@: mighty, wreathed by umbra
A: retaliatory headbutt, horns 2
a: Shadow Step, Renounce Religion


You were on level 11 of the Dungeon.
You worshipped Dithmenos.
Dithmenos was most pleased with you.
You were not hungry.

You visited 1 branch of the dungeon, and saw 11 of its levels.
You also visited: Sewer.

You collected 683 gold pieces.

Inventory:

Hand Weapons
 a - a +2 dagger of venom (weapon)
 b - a +0 blowgun
 c - a +2 whip of venom
 h - a +0 war axe
 K - a +0 flail of holy wrath
Missiles
 i - 299 stones
 u - 32 sling bullets
 v - 33 poisoned needles
 y - 15 javelins
 L - 6 tomahawks (quivered)
Armour
 d - a +0 pair of gloves (worn)
 l - a +0 chain mail
 n - a +0 large shield (worn)
 E - the +1 ring mail of Gagro (worn) {Int+4}
   (You found it on level 4 of the Dungeon)

   It affects your intelligence (+4).
 G - a +2 hat (worn)
Jewellery
 k - a ring of stealth (right hand)
 m - a +5 ring of dexterity (left hand)
 x - a +6 ring of intelligence
Wands
 A - a wand of iceblast (3)
 M - a wand of flame (18)
Scrolls
 e - a scroll of blinking
 g - 2 scrolls of noise {unknown}
 p - 3 scrolls of fear
 q - 4 scrolls of teleportation
 t - 8 scrolls of identify
 w - 2 scrolls of enchant weapon {unknown}
 B - a scroll of immolation
 D - 2 scrolls of remove curse
 I - 3 scrolls of amnesia {unknown}
 J - a scroll of vulnerability {unknown}
Potions
 j - 3 potions of lignification
 r - 3 potions of berserk rage {unknown}
 s - a potion of ambrosia {unknown}
 z - a potion of curing {unknown}
 C - 2 potions of mutation {unknown}
 F - 2 potions of haste {unknown}
 H - a potion of flight {unknown}
Comestibles
 f - 11 rations


   Skills:
 - Level 5.8 Fighting
 + Level 11.5 Short Blades
 - Level 5.1 Axes
 - Level 5.9 Armour
 - Level 0.3 Dodging
 + Level 9.5 Stealth
 - Level 7.1 Shields


You had 10 spell levels left.
You didn't know any spells.
Your spell library contained the following spells:

 Spells                   Type           Power        Failure   Level  Hunger
 Animate Skeleton         Necr           N/A          99%         1    ##.....
 Pain                     Necr           #...         99%         1    ##.....
 Regeneration             Chrm/Necr      #.........   100%        3    ####...
 Vampiric Draining        Necr           #.........   100%        3    ####...
 Animate Dead             Necr           N/A          100%        4    #####..


Dungeon Overview and Level Annotations

Branches:
Dungeon (11/15)            Temple (0/1) D:7             Orc (0/2) D:10
   Lair: D:8-11

Altars:
Dithmenos
Gozag
Nemelex Xobeh
Okawaru
Qazlal
Ru
Uskayaw
Vehumet

Shops:
D:9 :


Innate Abilities, Weirdness & Mutations

You reflexively headbutt those who attack you in melee.
You have a pair of horns on your head.


Message History

You block something's attack. Something hits you.
You hit something. You headbutt something!
Something hits you but does no damage. Something hits you!
The orc warrior hits you with a +0 dire flail!
The two-headed ogre hits you with a +0 giant club!
The two-headed ogre hits you with a +0 dire flail!
* * * LOW HITPOINT WARNING * * *
Something hits you but does no damage. Something hits you!
* * * LOW HITPOINT WARNING * * *
You feel very mighty all of a sudden.
Something hits you but does no damage. x2; Something hits you.
* * * LOW HITPOINT WARNING * * *
You hit something. You closely miss something. Your headbutt misses something.
Something hits you.
* * * LOW HITPOINT WARNING * * *
You puncture something! Something hits you but does no damage.
Something hits you.
You die...

### ##########
#######{######.........
...##@#Oo........##### #
#######.#.##..####.##.#
###.###........##..#.###.##.#
cc.......####.##..###....##.#####
###.........##..##Z##.#.#.......
#.....#..##..##...##.....#####
....>...##.##$.##.^#..##....#
#####.###.##..##..###..##...#
#.##.##..##..##|##..##..#


You could see a two-headed ogre, an orc warrior and a centaur warrior skeleton.

Vanquished Creatures
  A centaur warrior (D:10)
  A two-headed ogre (D:10)
  Pikel (D:9)
  An ugly thing (D:11)
  A gargoyle (D:8)
  2 trolls
  2 hippogriffs
  A spriggan (D:8)
  Sigmund (D:4)
  A wraith (D:10)
  3 yaks (D:11)
  A water moccasin (D:7)
  A porcupine (D:11)
  2 orc warriors
  A black bear (D:11)
  2 phantoms
  4 ogres
  A slave (D:9)
  6 centaurs
  2 crocodiles
  A big kobold (D:9)
  13 bullfrogs
  A wyvern zombie (D:10)
  3 scorpions
  3 howler monkeys
  3 crimson imps
  2 jellies
  A bullfrog skeleton (D:10)
  4 orc priests
  A bullfrog zombie (D:5)
  5 orc wizards
  2 centaur skeletons
  3 iguanas
  6 worker ants
  A howler monkey skeleton (D:11)
  15 adders
  6 gnolls (D:2)
  2 shadow imps
  11 oozes (Sewer)
  An adder skeleton (D:4)
  3 worms
  4 dart slugs
  16 leopard geckos
  32 orcs
  7 bats
  16 giant cockroaches
  18 hobgoblins
  5 jackals
  13 kobolds
  5 quokkas
  14 ball pythons
  17 frilled lizards
  5 goblins
  A quokka skeleton (D:8)
  11 rats
286 creatures vanquished.

Vanquished Creatures (others)
  A slave (D:9)
  37 fungi (D:11)
  17 plants (D:11)
55 creatures vanquished.

Grand Total: 341 creatures vanquished

Notes
Turn   | Place    | Note
-------+----------+-------------------------------------------
     0 | D:1      | teukkam the Minotaur Fighter began the quest for the Orb.
     0 | D:1      | Reached XP level 1. HP: 19/19 MP: 0/0
    87 | D:1      | Reached XP level 2. HP: 27/27 MP: 1/1
   295 | D:2      | Reached XP level 3. HP: 33/33 MP: 2/2
   355 | D:2      | Reached XP level 4. HP: 33/40 MP: 3/3
   420 | D:2      | Noticed an ogre
   796 | D:1      | Reached skill level 5 in Shields
   879 | D:3      | Found a glowing drain.
   923 | Sewer    | Entered a sewer
  1102 | Sewer    | Reached XP level 5. HP: 43/46 MP: 4/4
  1294 | Sewer    | Reached XP level 6. HP: 39/53 MP: 5/5
  1306 | Sewer    | Reached skill level 5 in Axes
  1638 | D:4      | Noticed Sigmund
  1648 | D:4      | Reached skill level 1 in Short Blades
  1648 | D:4      | Reached skill level 5 in Armour
  1652 | D:4      | Killed Sigmund
  1652 | D:4      | Reached skill level 5 in Fighting
  1652 | D:4      | Reached XP level 7. HP: 47/61 MP: 6/6
  1658 | D:4      | Reached skill level 2 in Short Blades
  2053 | D:5      | Entered Level 5 of the Dungeon
  2070 | D:5      | Found a shadowy altar of Dithmenos.
  2236 | D:7      | Reached skill level 3 in Short Blades
  2525 | D:5      | Became a worshipper of Dithmenos the Shadowed
  2664 | D:2      | Reached skill level 1 in Stealth
  2664 | D:2      | Reached XP level 8. HP: 69/70 MP: 7/7
  2848 | D:2      | Found an iron altar of Okawaru.
  3064 | D:3      | Found an opulent altar of Gozag.
  3555 | D:2      | Reached * piety under Dithmenos
  3647 | D:2      | Reached skill level 4 in Short Blades
  4309 | D:4      | Got a translucent ring mail
  4320 | D:4      | Identified the +1 ring mail of Gagro {Int+4} (You found it
                  | on level 4 of the Dungeon)
  4500 | D:5      | Found a sacrificial altar of Ru.
  4575 | D:5      | Reached skill level 5 in Short Blades
  4708 | D:5      | Found a hide-covered altar of Uskayaw.
  5297 | D:6      | Reached skill level 6 in Short Blades
  5750 | D:7      | Reached XP level 9. HP: 75/75 MP: 8/8
  5833 | D:7      | Found a staircase to the Ecumenical Temple.
  6001 | D:7      | Reached ** piety under Dithmenos
  6008 | D:7      | Reached skill level 5 in Stealth
  6125 | D:7      | Reached skill level 7 in Short Blades
  6544 | D:8      | Found a stormy altar of Qazlal.
  6544 | D:8      | Noticed a gargoyle
  6565 | D:8      | Killed a gargoyle
  6565 | D:8      | Reached skill level 8 in Short Blades
  6689 | D:8      | Found a sparkling altar of Nemelex Xobeh.
  6818 | D:9      | Reached skill level 9 in Short Blades
  6839 | D:9      | Found a radiant altar of Vehumet.
  6973 | D:10     | Entered Level 10 of the Dungeon
  6973 | D:10     | Noticed a troll
  6987 | D:10     | Killed a troll
  7063 | D:10     | Found a staircase to the Orcish Mines.
  7144 | D:10     | Reached XP level 10. HP: 82/83 MP: 9/9
  7203 | D:10     | Reached *** piety under Dithmenos
  7334 | D:11     | Noticed a red ugly thing
  7755 | D:10     | Noticed a two-headed ogre
  7823 | D:10     | HP: 3/83 [two-headed ogre/+0 giant club (16)]
  7824 | D:10     | Killed a two-headed ogre
  7824 | D:10     | Reached skill level 10 in Short Blades
  8371 | D:10     | Noticed a centaur warrior
  8384 | D:10     | Killed a centaur warrior
  9015 | D:11     | Reached skill level 11 in Short Blades
  9100 | D:11     | Killed a red ugly thing
  9409 | D:9      | Noticed Pikel
  9465 | D:9      | Killed Pikel
  9531 | D:9      | Reached XP level 11. HP: 88/89 MP: 10/10
  9950 | D:9      | Found Goosi's Book Shop.
 10188 | D:11     | Noticed a two-headed ogre
 10247 | D:11     | Slain by an unseen horror

Skill      XL: |  1  2  3  4  5  6  7  8  9 10 |
---------------+-------------------------------+-----
Armour         | 4 5 |  5.9
Fighting       | 4 5 |  5.8
Shields        | 4 5 6 7 |  7.1
Axes           | 3 4 5 |  5.1
Short Blades   | 1 3 6 9 11 | 11.5
Stealth        | 1 4 7 9 |  9.5
Dodging        | |  0.3

Action                   |  1- 3 |  4- 6 |  7- 9 | 10-12 || total
-------------------------+-------+-------+-------+-------++-------
Melee: War axe           |    44 |   167 |     4 |       ||   215
       Headbutt          |     4 |    33 |    94 |    55 ||   186
       Dagger            |       |    20 |   354 |   223 ||   597
       Flail             |       |       |       |    14 ||    14
 Fire: Blowgun           |       |       |     4 |    27 ||    31
Throw: Stone             |       |       |     1 |       ||     1
       Tomahawk          |       |       |       |     6 ||     6
Invok: Shadow Step       |       |       |       |     1 ||     1
Evoke: Wand              |       |       |     3 |     4 ||     7
  Use: Scroll            |       |     4 |     4 |     4 ||    12
       Potion            |       |     3 |       |     3 ||     6
 Stab: Sleeping          |       |       |    19 |     6 ||    25
  Eat: Chunk             |       |     3 |    10 |       ||    13
       Ration            |       |       |     3 |     2 ||     5
Armor: Scale mail        |    12 |       |       |       ||    12
       Chain mail        |     8 |   112 |    37 |       ||   157
       Ring mail         |       |       |    20 |    37 ||    57
Dodge: Dodged            |    14 |    33 |    48 |    30 ||   125
Block: Shield            |    35 |    16 |       |       ||    51
       Large shield      |       |   178 |   250 |   146 ||   574
